 Dungeon Crawl Stone Soup version 0.31-a0-1098-g6898e6545c (webtiles) character file.

Game seed: 4952269429807521267

533 Dirtsage the Changeling (level 7, -17/47 HPs)
             Began as an Octopode Shapeshifter on Nov 30, 2023.
             Demolished by an ogre
             ... wielding a +0 giant club
              (18 damage)
             ... on level 5 of the Dungeon.
             The game lasted 00:07:32 (4114 turns).

Dirtsage the Changeling (Octopode Shapeshifter)     Turns: 4114, Time: 00:07:33

Health: -17/47     AC:  1    Str: 13    XL:     7   Next: 24%
Magic:  0/7        EV: 13    Int: 12    God:
Gold:   236        SH:  0    Dex: 20    Spells: 6/6 levels left

rFire   . .          .
                       - Unarmed
rCold   . . .        (no shield)
rNeg    + . .        (helmet currently unavailable)
rPois   .            i - amulet of guardian spirit
rElec   .            e - +6 ring of dexterity
rCorr   .            N - ring of positive energy
SInv    .            (no ring)
Will    .....        (no ring)
Stlth   +++          (no ring)
HPRegen 0.27/turn    (no ring)
MPRegen 0.10/turn    (no ring)
                     (no ring)

%: guardian spirit
@: beast-form
A: beast (slay +3), almost no armour, amphibious, 8 rings, camouflage 1,
gelatinous body 1, (nimble swimmer 1), tentacles
a: Begin Untransformation


You were on level 5 of the Dungeon.
You were a hulking beast.
You visited 1 branch of the dungeon, and saw 5 of its levels.
You also visited: Sewer.

You collected 236 gold pieces.

Inventory:

Jewellery
 e - a +6 ring of dexterity (left tentacle)
 i - an amulet of guardian spirit (around mantle)
 N - a ring of positive energy (right tentacle)
Talismans
 b - a beast talisman
 c - a flux talisman
Scrolls
 g - a scroll of fear
 k - a scroll of noise
 n - a scroll of vulnerability
 t - 2 scrolls of teleportation
 u - a scroll of poison
 v - a scroll of amnesia
 B - a scroll of blinking
Potions
 a - 2 potions of lignification
 d - a potion of berserk rage {unknown}
 f - 3 potions of heal wounds {unknown}
 h - 2 potions of attraction {unknown}
 l - 2 potions of degeneration {unknown}
 m - a potion of might {unknown}
 q - a potion of haste {unknown}
 r - a potion of mutation {unknown}
 w - a potion of cancellation {unknown}
 x - a potion of resistance {unknown}


   Skills:
 + Level 3.6 Fighting
 - Level 2.0 Dodging
 + Level 4.7 Unarmed Combat
 * Level 5.7 Shapeshifting


You had 6 spell levels left.
You didn't know any spells.
Your spell library was empty.

Dungeon Overview and Level Annotations

Branches:
Dungeon (5/15)              Sewer (visited)
 Temple: D:4-7

Altars:
Okawaru
Qazlal
Sif Muna
Vehumet


Innate Abilities, Weirdness & Mutations

You are a hulking beast.
Your limbs bulge with bestial killing power. (Slay +3)
You cannot wear most types of armour.
You are amphibious.
You can wear up to eight rings at the same time.
Your skin changes colour to match your surroundings (Stealth+).
Your rubbery body absorbs attacks. (AC +1, EV +1)
((You are camouflaged when in or above water. (Stealth+)))
You have tentacles for arms and can constrict up to eight enemies at once.


Message History

You constrict the sleepcap.
The sleepcap releases spores at you but does no damage.
You tentacle-slap the sleepcap.
You destroy the sleepcap!
Health restored: 47 You open the door.
There is an open door here.
You now have 182 gold pieces (gained 10).
You now have 194 gold pieces (gained 12).
You now have 208 gold pieces (gained 14).
You now have 222 gold pieces (gained 14).
You open the door.
There is an open door here.
You now have 236 gold pieces (gained 14).
An ogre comes into view. It is wielding a +0 giant club.
Found 18 gold pieces.
Found a stone staircase leading up.
i - an amulet of guardian spirit
There are no items here.
You start putting on your amulet.
You continue putting on your amulet of guardian spirit. x3
The ogre closely misses you.
You continue putting on your amulet of guardian spirit.
The ogre hits you with a +0 giant club!!
You continue putting on your amulet of guardian spirit.
You finish putting on your amulet of guardian spirit.
You feel your power drawn to a protective spirit.
i - an amulet of guardian spirit (around mantle)
You take 21 damage, and have 26/47 hp.
MASSIVE DAMAGE!!
You bludgeon the ogre! You squeeze the ogre.
The ogre is heavily wounded.
The ogre hits you with a +0 giant club!!
Ouch! That really hurt!
* * * LOW HITPOINT WARNING * * *
You take 25 damage, and have 1/47 hp.
MASSIVE DAMAGE!!
You now have 0/7 mp.
You tentacle-slap the ogre.
The ogre is heavily wounded.
You tentacle-slap the ogre. Your squeeze misses the ogre.
The ogre is severely wounded.
The ogre hits you with a +0 giant club!!
You die...

##.....#.......#.# ....
#.)....#.......#.#.....
#......##.....##.#.....
#.......#######.........
#................#......
#................##.....
#................##....#
##.<.....(...........###
##.....##....h.##.###
###########.O......#
#.........# #..........#
#.#........#
......##..### #....(...
.... #....#### ##$<#
#.### #..


You could see an ogre.

Vanquished Creatures
  Menkaure (D:4)
  Edmund (D:4)
  2 hounds (D:4)
  A sleepcap (D:5)
  An iguana (D:3)
  A gnoll (D:4)
  7 adders
  A river rat (Sewer)
  2 worms (D:3)
  4 dart slugs
  8 endoplasms
  3 giant cockroaches
  8 goblins
  13 hobgoblins
  5 jackals (D:1)
  2 kobolds
  4 quokkas
  12 ball pythons
  5 bats
  12 frilled lizards
  10 rats
103 creatures vanquished.

Notes
Turn   | Place    | Note
-------+----------+-------------------------------------------
     0 | D:1      | Dirtsage the Octopode Shapeshifter began the quest for the
                  | Orb.
     0 | D:1      | Reached XP level 1. HP: 13/13 MP: 1/1
   116 | D:1      | Found a faded altar of an unknown god.
   125 | D:1      | Reached XP level 2. HP: 16/18 MP: 2/2
   427 | D:1      | Reached XP level 3. HP: 23/23 MP: 3/3
   789 | D:2      | Reached XP level 4. HP: 28/29 MP: 4/4
  1465 | D:2      | Reached skill level 4 in Shapeshifting
  1765 | D:3      | Reached XP level 5. HP: 8/34 MP: 5/5
  3012 | D:4      | Noticed Menkaure
  3021 | D:4      | Killed Menkaure
  3022 | D:4      | Reached XP level 6. HP: 42/42 MP: 6/6
  3038 | D:4      | Found an iron altar of Okawaru.
  3104 | D:4      | Found a stormy altar of Qazlal.
  3112 | D:4      | Noticed Edmund
  3136 | D:4      | Killed Edmund
  3137 | D:4      | Reached skill level 5 in Shapeshifting
  3262 | D:4      | Found a shimmering blue altar of Sif Muna.
  3328 | D:4      | Found a glowing drain.
  3351 | Sewer    | Entered a sewer
  3590 | Sewer    | Reached XP level 7. HP: 46/46 MP: 7/7
  3809 | D:4      | Found a radiant altar of Vehumet.
  4054 | D:5      | Entered Level 5 of the Dungeon
  4112 | D:5      | HP: 1/47 [ogre/+0 giant club (26)]
  4114 | D:5      | Demolished by an ogre

Illustrated notes

Levels and vault maps discovered:
D:1:      minmay_arrival_nine_rooms, layout_basic,
          shapermc_ecumenical_altar_mp_ritualfount, minmay_tiny_reverse_x
D:2:      wander_river, layout_basic, hangedman_decor_slide_cut
D:3:      mumra_celtic_spiral_tile, layout_loops_ring, minmay_misc_feat_alley,
          serial_bayou_pond_d
D:4:      layout_rooms, mainiacjoe_overflow_cross_hatched, lemuel_tele_altar,
          mainiacjoe_overflow_big_doors, portal_sewer_entry_b,
          grunt_decor_resistance, cheibrodos_gnoll_hut, uniq_edmund,
          uniq_menkaure
D:5:      layout_rooms, nicolae_zen_rock_garden, chequers_serial_rivers_micro_c,
          kennysheep_flooded_box, uniq_eustachio

Skill      XL: |  1  2  3  4  5  6 |
---------------+-------------------+-----
Fighting       | 2 3 |  3.6
Shapeshifting  | 4 5 |  5.7
Unarmed Combat | 4 |  4.7
Dodging        | |  2.0

Action                     |  1- 3 |  4- 6 |  7- 9 || total
---------------------------+-------+-------+-------++-------
  Melee: Unarmed           |    68 |   125 |    17 ||   210
         Constrict         |    22 |    29 |     4 ||    55
         Tentacles         |    12 |    15 |     6 ||    33
         Punch             |     2 |     2 |       ||     4
    Use: Potion            |       |     1 |       ||     1
         Scroll            |       |       |    10 ||    10
   Stab: Sleeping          |     3 |    17 |     1 ||    21
         Distracted        |       |     1 |       ||     1
 Armour: Skin              |    28 |    47 |     7 ||    82
  Dodge: Dodged            |    30 |    46 |     6 ||    82

Table legend: (Time is in decaauts)
 A = Elapsed time spent in this place.
 B = Non-inter-level travel time spent in this place.
 C = Inter-level travel time spent in this place.
 D = Time resting spent in this place.
 E = Time spent auto-exploring this place.
 F = Levels seen in this place.
 G = Mean time per level.
                   A        B        C        D        E       F      G
               +--------+--------+--------+--------+--------+-----+--------+
         Total |   4096 |   3928 |    168 |      0 |   3118 |   6 |  682.7 |
       Dungeon |   3742 |   3574 |    168 |      0 |   2890 |   5 |  748.4 |
         Sewer |    354 |    354 |      0 |      0 |    228 |   1 |  354.0 |
               +--------+--------+--------+--------+--------+-----+--------+

Top non-repeatable levels by time:
     D:3: 1282 daAuts
     D:2: 1036 daAuts
     D:1: 682 daAuts
     D:4: 681 daAuts
   Sewer: 354 daAuts
     D:5: 59 daAuts
